 Dungeon Crawl Stone Soup version 0.29.1-13-g9f3cf754e1 (webtiles) character file.

Game seed: 7583990006324987528

32 cheesebisquit the Shooter (level 3, -1/22 HPs)
             Began as a Gargoyle Hunter on Jan 30, 2023.
             Slain by Sigmund
             ... wielding a +2 vampiric scythe
              (9 damage)
             ... on level 2 of the Dungeon.
             The game lasted 00:03:48 (951 turns).

cheesebisquit the Shooter (Gargoyle Hunter)          Turns: 951, Time: 00:03:48

Health: -1/22      AC:  6    Str: 14    XL:     3   Next: 25%
Magic:  3/3        EV: 12    Int:  9    God:
Gold:   105        SH:  0    Dex: 15    Spells: 2/2 levels left

rFire   . . .      SeeInvis .   a - +0 shortbow
rCold   . . .      Faith    .   (shield currently unavailable)
rNeg    + . .      Spirit   .   c - +0 leather armour
rPois   ∞          Reflect  .   (no helmet)
rElec   +          Harm     .   (no cloak)
rCorr   .          Rampage  .   (no gloves)
Will    .....                   (no boots)
Stlth   ++........              (no amulet)
HPRegen 0.07/turn               (no ring)
MPRegen 0.08/turn               (no ring)

@: no status effects
A: sickness immunity, AC +3, negative energy resistance 1, electricity
resistance, torment resistance 1, petrification resistance
a: no special abilities


You were on level 2 of the Dungeon.
You visited 1 branch of the dungeon, and saw 2 of its levels.

You collected 105 gold pieces.

Inventory:

Hand Weapons
 a - a +0 shortbow (weapon)
Missiles
 k - 5 poisoned darts
Armour
 c - a +0 leather armour (worn)
Scrolls
 b - a scroll of immolation
 e - a scroll of fear {unknown}
 f - a scroll of identify {unknown}
 g - a scroll of enchant weapon {unknown}
 j - a scroll of noise {unknown}
 l - a scroll of teleportation {unknown}
Potions
 d - a potion of resistance {unknown}
 h - a potion of attraction {unknown}
 i - a potion of curing {unknown}


   Skills:
 + Level 2.7 Fighting
 * Level 4.3 Ranged Weapons
 + Level 0.1 Armour
 - Level 2.0 Dodging
 - Level 1.9 Stealth


You had 2 spell levels left.
You didn't know any spells.
Your spell library contained the following spells:

 Spells                   Type           Power      Damage    Failure   Level
 Beastly Appendage        Tmut           0%         N/A       45%         1
 Wereblood                Tmut           0%         N/A       61%         2
 Spider Form              Tmut/Pois      0%         N/A       83%         3


Dungeon Overview and Level Annotations

Branches:
Dungeon (2/15)

Altars:

Annotations:
D:2 Sigmund


Innate Abilities, Weirdness & Mutations

You are immune to sickness and miasma.
Your stone body is resilient. (AC +3)
You are immune to poison.
You resist negative energy. (rN+)
You are resistant to electric shocks. (rElec)
You are resistant to unholy torment.
You are immune to petrification.


Message History

You kill the kobold!
No target in view!
Found a stone staircase leading down.
Found a leather armour.
Sigmund the Dreaded comes into view.
He is wielding a +2 vampiric scythe.
You shoot an arrow. The arrow hits Sigmund!
Sigmund shouts!
Sigmund is moderately wounded.
You hear a shout! x2
You shoot an arrow. The arrow hits Sigmund.
Sigmund is moderately wounded.
Sigmund hits you but does no damage.
You shoot an arrow. The arrow hits Sigmund.
Sigmund is severely wounded.
Sigmund closely misses you.
You shoot an arrow. The arrow hits Sigmund!
Sigmund is almost dead.
Sigmund gestures at you while chanting. The magic dart hits you.
You shoot an arrow. The arrow barely misses Sigmund.
Sigmund closely misses you.
You shoot an arrow. The arrow closely misses Sigmund.
An endoplasm comes into view.
Sigmund casts a spell at you. The puff of flame hits you!
You are too injured to fight recklessly!
Fire: a) +0 shortbow
Press: ? - help, Q - select action, (/) - cycle Shift-Dir - straight line, f/p - Sigmund
Aim: Sigmund, wielding a +2 vampiric scythe and wearing a +0 robe (almost dead, 58% to hit)
You shoot an arrow. The arrow completely misses Sigmund.
Sigmund barely misses you.
Fire: a) +0 shortbow
Press: ? - help, Q - select action, (/) - cycle Shift-Dir - straight line, f/p - Sigmund
Aim: Sigmund, wielding a +2 vampiric scythe and wearing a +0 robe (almost dead, 58% to hit)
You shoot an arrow.
The arrow hits Sigmund but does no damage.
Sigmund is almost dead.
A goblin comes into view. It is wielding a +0 club.
Sigmund hits you from afar with a +2 vampiric scythe!
You die...

.... #.......... ##..
#.......... .. ....
#.......... ..#####
.....[.... #......
###........# #......
#..........# #...... .
#..........####......
#.##.J>@# #####.........
........# #.............
.....@..###........##...
.....#.............##...
.....#........#.........
..............#........#
.g...#.####...#........#
....... #...#.........
.####.. #...#.........


You could see Sigmund, an endoplasm and a goblin.

Vanquished Creatures
  A dart slug (D:1)
  5 bats
  2 endoplasms (D:1)
  3 giant cockroaches (D:1)
  2 goblins (D:1)
  4 hobgoblins
  A kobold (D:2)
  2 ball pythons (D:1)
  3 frilled lizards
  2 rats
25 creatures vanquished.

Notes
Turn   | Place    | Note
-------+----------+-------------------------------------------
     0 | D:1      | cheesebisquit the Gargoyle Hunter began the quest for the
                  | Orb.
     0 | D:1      | Reached XP level 1. HP: 12/12 MP: 1/1
   147 | D:1      | Reached XP level 2. HP: 11/18 MP: 2/2
   486 | D:1      | Reached XP level 3. HP: 22/22 MP: 3/3
   943 | D:2      | Noticed Sigmund
   951 | D:2      | Slain by Sigmund

Illustrated notes

Levels and vault maps discovered:
D:1:      saegor_arrival_simple_d, layout_basic
D:2:      layout_basic, basic_altar, uniq_sigmund

Skill      XL: |  1  2  3 |
---------------+----------+-----
Dodging        | 2 |  2.0
Fighting       | |  2.7
Ranged Weapons | |  4.3
Armour         | |  0.1
Stealth        | |  1.9

Action                   || total
-------------------------++-------
 Fire: Shortbow          ||    73
Armor: Leather armour    ||    18
Dodge: Dodged            ||    22
